 Dungeon Crawl Stone Soup version 0.17.0-26-gececa24 (webtiles) character file.

6246 Gravenous the Nimble (level 10, -5/56 HPs)
             Began as a High Elf Ice Elementalist on Nov 19, 2015.
             Was a Believer of Fedhas.
             Slain by a hill giant
             ... wielding a +0 giant club
              (29 damage)
             ... on level 10 of the Dungeon.
             The game lasted 00:24:48 (12600 turns).

Gravenous the Nimble (High Elf Ice Elementalist)   Turns: 12600, Time: 00:24:49

Health: -5/56      AC: 12    Str:  7    XL:     10   Next: 62%
Magic:  3/18       EV: 19    Int: 24    God:    Fedhas [**....]
Gold:   426        SH:  4    Dex: 17    Spells: 7 memorised, 1 level left

rFire  . . .     SeeInvis .     k - +0 falchion (elec)
rCold  . . .     Clarity  +     T - +2 robe {MR+}
rNeg   . . .     SustAt   .     B - +0 buckler
rPois  .         Gourm    .     d - +0 helmet
rElec  .         Spirit   .     g - +0 cloak
rCorr  .         Warding  .     r - +2 pair of gloves
rMut   .         Stasis   .     (no boots)
MR     ++...                    s - amulet of clarity
Stlth  +++.......               J - +2 ring of dexterity
                                o - +3 ring of protection

@: very resistant to hostile enchantments, fairly stealthy
A: no striking features
a: Evolution, Sunlight, Renounce Religion


You were on level 10 of the Dungeon.
You worshipped Fedhas.
Fedhas was pleased with you.
You were hungry.

You visited 2 branches of the dungeon, and saw 11 of its levels.

You collected 470 gold pieces.
You spent 44 gold pieces at shops.

Inventory:

Hand Weapons
 k - a +0 falchion of electrocution (weapon)
Missiles
 F - 3 curare-tipped needles
Armour
 d - a +0 helmet (worn)
 g - a +0 cloak (worn)
 r - a +2 pair of gloves (worn)
 B - a +0 buckler (worn)
 T - a +2 robe of magic resistance (worn)
Magical Staves
 H - an uncursed staff of conjuration
Jewellery
 a - an uncursed ring of ice {unknown}
 o - a +3 ring of protection (left hand)
 s - an amulet of clarity (around neck)
 J - a +2 ring of dexterity (right hand)
Wands
 q - a wand of confusion (9)
 w - a wand of paralysis (15)
 A - a wand of slowing (38)
 C - a wand of lightning (6)
 M - a wand of fire (0)
 N - a wand of fire (0)
 Q - a wand of magic darts (32)
Scrolls
 e - a scroll of blinking
 f - 2 scrolls of teleportation
 j - 3 scrolls of remove curse
 y - 3 scrolls of enchant armour
 D - a scroll of recharging
 G - a scroll of amnesia
 I - a scroll of holy word {unknown}
 P - a scroll of fog {unknown}
Potions
 i - 6 potions of brilliance
 l - a potion of haste {unknown}
 m - 3 potions of lignification
 n - a potion of resistance
 t - 2 potions of heal wounds
 u - a potion of flight {unknown}
 E - 2 potions of degeneration {unknown}
 O - a potion of agility
Books
 b - a book of Frost

   Spells                             Type                      Level
   a - Freeze                         Ice                          1
   b - Throw Frost                    Conjuration/Ice              2
   c - Ozocubu's Armour               Charms/Ice                   3
   d - Throw Icicle                   Conjuration/Ice              4
   e - Summon Ice Beast               Ice/Summoning                4
   f - Condensation Shield            Ice                          4
 x - a book of Air

   Spells                             Type                      Level
   a - Shock                          Conjuration/Air              1
   b - Swiftness                      Charms/Air                   2
   c - Repel Missiles                 Charms/Air                   2
   d - Static Discharge               Conjuration/Air              3
   e - Lightning Bolt                 Conjuration/Air              5
 K - a book of Unlife

   Spells                             Type                      Level
   a - Recall                         Summoning/Translocation      3
   b - Animate Dead                   Necromancy                   4
   c - Control Undead                 Necromancy                   4
   d - Cigotuvi's Embrace             Necromancy                   5
   e - Death Channel                  Necromancy                   6
   f - Simulacrum                     Ice/Necromancy               6
Comestibles
 c - 4 bread rations
 p - 3 beef jerkies
 v - a meat ration
 z - 2 slices of pizza
 L - 15 fruits


   Skills:
 * Level 10.0 Dodging
 - Level 5.0 Stealth
 - Level 1.0 Shields
 - Level 5.0 Spellcasting
 + Level 9.6 Conjurations
 + Level 9.1 Ice Magic


You had one spell level left.
You knew the following spells:

 Your Spells              Type           Power        Failure   Level  Hunger
a - Freeze                Ice            ####         1%          1    None
b - Throw Frost           Conj/Ice       ######       1%          2    None
c - Ozocubu's Armour      Chrm/Ice       ####....     8%          3    ##.....
d - Throw Icicle          Conj/Ice       ######..     2%          4    ####...
e - Repel Missiles        Chrm/Air       #.....       21%         2    None
f - Swiftness             Chrm/Air       #.......     21%         2    None
g - Summon Ice Beast      Ice/Summ       ####....     21%         4    ####...


Dungeon Overview and Level Annotations

Branches:
Dungeon (10/15)            Temple (1/1) D:6            Lair (0/8) D:8
    Orc: D:9-12

Altars:
Ashenzari
Cheibriados
Dithmenos
Elyvilon
Fedhas
Gozag
Kikubaaqudgha
Makhleb
Nemelex Xobeh
Okawaru
Qazlal
Ru
Sif Muna
Trog
Vehumet
Xom
Yredelemnul
Zin
The Shining One

Shops:
D:8 (   D:10 [


Message History

Casting: Throw Icicle
Confirm with . or Enter, or press ? or * to list all spells.
You don't have enough magic to cast that spell.
Unknown command.
You hit the wight but do no damage.
There is a sudden explosion of sparks!
You destroy the wight!
An orc comes into view. It is wielding a war axe.
Casting: Throw Icicle
Confirm with . or Enter, or press ? or * to list all spells.
You don't have enough magic to cast that spell.
You closely miss the wight.
The wight hits you with a hand axe of chopping!
You block the wight's attack.
A hill giant comes into view. It is wielding a giant club.
You closely miss the wight.
You hit the hill giant but do no damage.
The hill giant hits you with a giant club!!
Ouch! That really hurt!
You die...
Fedhas appreciates your contribution to the ecosystem. # ## .... .# ... .# ... .# #.. ..# .# . #..## ##.## # .. #.(.# .oz

##......#.#.# #C#
#.........#.####@#
# ......##(......#
# ...... #.......#
# #...###...)...#
# #........)....#
#. #...###.......#
#.##.....#.......#
#...#+#..#.......#
..#.#.#..##^##.#.#


You could see a hill giant, a wight and an orc.

Vanquished Creatures
  Pikel (D:8)
  A two-headed ogre (D:9)
  4 hippogriffs
  Grum (D:10)
  A water moccasin (D:8)
  4 wolves (D:10)
  2 sky beasts
  An orc warrior (D:8)
  A black bear (D:7)
  3 ice beasts
  6 centaurs
  2 ogres
  A phantom (D:9)
  A big kobold (D:10)
  7 giant frogs
  A gnoll sergeant (D:5)
  7 scorpions
  A water moccasin skeleton (D:8)
  3 wights (D:10)
  2 crimson imps
  2 gnoll shamans (D:5)
  5 hounds
  A quasit (D:7)
  3 jellies
  3 orc priests
  15 orc wizards
  3 giant frog skeletons
  4 worker ants
  Natasha (twice) (D:3)
  3 iguanas
  The ghost of 4thArraOfDagon the Charlatan, a weakling VSAr of Cheibriados (D:4)
  A hound skeleton (D:8)
  8 adders
  34 gnolls (D:5)
  2 shadow imps
  An ooze (D:3)
  3 adder skeletons
  2 adder zombies (D:5)
  5 worms
  4 giant geckos
  37 orcs
  3 giant cockroaches
  5 goblins
  6 hobgoblins
  8 kobolds
  6 quokkas
  3 ball pythons
  3 bats
  2 giant gecko skeletons
  11 giant newts
  20 jackals
  2 quokka skeletons
  7 rats
265 creatures vanquished.

Vanquished Creatures (others)
  A hungry ghost (D:8)
  A necrophage (D:7)
  2 slaves (D:8)
  An orc wizard (D:8)
  An orc priest (D:8)
  An adder (D:8)
  3 orcs (D:8)
  68 toadstools
78 creatures vanquished.

Grand Total: 343 creatures vanquished

Notes
Turn   | Place    | Note
--------------------------------------------------------------
     0 | D:1      | Gravenous the High Elf Ice Elementalist began the quest for the Orb.
     0 | D:1      | Reached XP level 1. HP: 11/11 MP: 4/4
   184 | D:1      | Reached XP level 2. HP: 15/17 MP: 2/6
   188 | D:1      | Learned a level 2 spell: Throw Frost
  1019 | D:2      | Reached XP level 3. HP: 14/21 MP: 2/8
  1106 | D:2      | Learned a level 3 spell: Ozocubu's Armour
  1942 | D:3      | Reached skill level 4 in Ice Magic
  1942 | D:3      | Reached XP level 4. HP: 11/27 MP: 5/9
  2119 | D:3      | Found a snail-covered altar of Cheibriados.
  2152 | D:3      | Noticed a giant frog
  2162 | D:3      | Killed a giant frog
  2162 | D:3      | Reached XP level 5. HP: 10/31 MP: 3/10
  2461 | D:3      | Learned a level 4 spell: Throw Icicle
  3111 | D:3      | Noticed Natasha
  3116 | D:3      | Killed Natasha
  3438 | D:3      | Noticed Natasha
  3441 | D:3      | Killed Natasha
  3441 | D:3      | Reached XP level 6. HP: 27/36 MP: 9/12
  3671 | D:4      | Reached skill level 5 in Ice Magic
  3746 | D:4      | Noticed 4thArraOfDagon's ghost (weakling VSAr)
  3766 | D:4      | Killed 4thArraOfDagon's ghost
  4278 | D:4      | Learned a level 2 spell: Repel Missiles
  4353 | D:4      | Found a bloodstained altar of Trog.
  4541 | D:5      | Entered Level 5 of the Dungeon
  4685 | D:5      | Reached XP level 7. HP: 28/41 MP: 5/14
  5038 | D:5      | Reached skill level 5 in Conjurations
  5146 | D:5      | Found an opulent altar of Gozag.
  5384 | D:5      | Reached skill level 6 in Ice Magic
  5638 | D:5      | Reached XP level 8. HP: 46/46 MP: 1/16
  5830 | D:5      | Reached skill level 5 in Stealth
  5830 | D:5      | Reached skill level 5 in Spellcasting
  5982 | D:5      | HP: 2/46 [poisoned by a gnoll sergeant]
  7761 | D:6      | Reached skill level 7 in Conjurations
  7778 | D:6      | Found a staircase to the Ecumenical Temple.
  7806 | Temple   | Entered the Ecumenical Temple
  7813 | Temple   | Became a worshipper of Fedhas Madash
  7985 | D:6      | Reached skill level 5 in Dodging
  8275 | D:7      | Learned a level 2 spell: Swiftness
  8314 | D:7      | Reached XP level 9. HP: 39/51 MP: 7/17
  8572 | D:7      | Reached skill level 1 in Shields
  8683 | D:7      | Found an iron altar of Okawaru.
  9619 | D:8      | Reached skill level 8 in Conjurations
  9636 | D:8      | Reached * piety under Fedhas
 10109 | D:8      | Found Ekhal's Weapon Shop.
 10323 | D:8      | Noticed Pikel
 10342 | D:8      | Killed Pikel
 10342 | D:8      | Reached XP level 10. HP: 15/56 MP: 3/18
 10791 | D:8      | Found a staircase to the Lair.
 10885 | D:8      | Found a blossoming altar of Fedhas.
 10899 | D:8      | Reached skill level 9 in Conjurations
 11401 | D:9      | Learned a level 4 spell: Summon Ice Beast
 11448 | D:9      | Found a basalt altar of Yredelemnul.
 11504 | D:9      | Found a shattered altar of Ashenzari.
 11505 | D:9      | Reached ** piety under Fedhas
 12300 | D:10     | Entered Level 10 of the Dungeon
 12410 | D:10     | Found Vaulo's Antique Armour Shoppe.
 12413 | D:10     | Bought an embroidered robe for 22 gold pieces
 12413 | D:10     | Bought a glowing robe for 22 gold pieces
 12586 | D:10     | Noticed Grum
 12595 | D:10     | Killed Grum
 12595 | D:10     | Reached skill level 10 in Dodging
 12599 | D:10     | Noticed a hill giant
 12600 | D:10     | Slain by a hill giant

Action                   |  1- 3 |  4- 6 |  7- 9 | 10-12 || total
-------------------------+-------+-------+-------+-------++-------
Melee: Dagger            |    35 |    58 |   119 |       ||   212
       Unarmed           |     1 |       |       |       ||     1
       Falchion          |       |       |   120 |    93 ||   213
 Cast: Freeze            |    54 |    57 |    26 |    22 ||   159
       Throw Frost       |       |    12 |   114 |    34 ||   160
       Throw Icicle      |       |     3 |    43 |    21 ||    67
       Ozocubu's Armour  |       |     1 |    11 |     4 ||    16
       Repel Missiles    |       |     1 |       |       ||     1
Evoke: Wand              |       |       |     2 |     4 ||     6
  Use: Scroll            |       |     9 |     3 |       ||    12
       Potion            |       |       |     2 |       ||     2
 Stab: Sleeping          |     3 |     5 |     8 |     1 ||    17
  Eat: Chunk             |     3 |     9 |    24 |     6 ||    42
       Bread ration      |       |       |       |     1 ||     1
